 Dungeon Crawl Stone Soup version 0.28-a0-1567-g1695149f81 (webtiles) character file.

Game seed: 17566974243007097261

1521 comborobin the Ducker (level 8, -3/56 HPs)
             Began as an Octopode Cinder Acolyte on Jan 20, 2022.
             Was an Initiate of Ignis.
             Slain by an ice beast (7 damage)
             ... on level 6 of the Dungeon.
             The game lasted 00:04:55 (5571 turns).

comborobin the Ducker (Octopode Cinder Acolyte)     Turns: 5571, Time: 00:04:56

Health: -3/56      AC:  1    Str: 14    XL:     8   Next: 84%
Magic:  9/9        EV: 20    Int: 22    God:    Ignis [......]
Gold:   214        SH:  0    Dex: 15    Spells: 6/9 levels left

rFire   + . .      SeeInvis .     - Unarmed
rCold   . . .      Faith    .   (no shield)
rNeg    . . .      Spirit   .   (helmet restricted)
rPois   .          Reflect  .   (no amulet)
rElec   .          Harm     .   b - +6 ring of dexterity
rCorr   .          Rampage  .   c - +4 ring of evasion
Will    .....                   h - +6 ring of intelligence
Stlth   ++........              (no ring)
HPRegen 0.18/turn               (no ring)
MPRegen 0.11/turn               (no ring)
                                (no ring)
                                (no ring)

@: no status effects
A: almost no armour, amphibious, 8 rings, camouflage 1, gelatinous body 1,
(nimble swimmer 1), tentacles
a: Renounce Religion


You were on level 6 of the Dungeon.
You worshipped Ignis.
Ignis was noncommittal.
You visited 1 branch of the dungeon, and saw 6 of its levels.

You collected 214 gold pieces.

Inventory:

Jewellery
 b - a +6 ring of dexterity (left tentacle)
 c - a +4 ring of evasion (right tentacle)
 h - a +6 ring of intelligence (on tentacle)
Wands
 f - a wand of acid (9)
 g - a wand of charming (2)
Scrolls
 a - a scroll of enchant weapon {unknown}
 e - a scroll of vulnerability
 j - 3 scrolls of identify
Potions
 d - a potion of curing
 i - a potion of cancellation {unknown}
 k - a potion of attraction
 l - a potion of brilliance


   Skills:
 + Level 5.4 Fighting
 + Level 7.5 Dodging
 + Level 5.4 Unarmed Combat
 - Level 1.0 Spellcasting
 - Level 3.0 Fire Magic
 + Level 4.1 Poison Magic


You had 6 spell levels left.
You knew the following spells:

 Your Spells              Type           Power      Damage    Failure   Level
a - Poisonous Vapours     Pois/Air       20%        N/A       10%         2
b - Sting                 Tmut/Pois      40%        1d5       7%          1

Your spell library contained the following spells:

 Spells                   Type           Power      Damage    Failure   Level
 Scorch                   Fire           28%        2d6       7%          2
 Slow                     Hex            4%         N/A       16%         1
 Olgreb's Toxic Radiance  Pois           19%        N/A       28%         4
 Call Canine Familiar     Summ           1%         N/A       41%         3
 Confusing Touch          Hex            1%         N/A       41%         3
 Portal Projectile        Hex/Tloc       2%         N/A       41%         3
 Vampiric Draining        Necr           1%         2d6       41%         3
 Leda's Liquefaction      Hex/Erth       0%         N/A       83%         4


Dungeon Overview and Level Annotations

Branches:
Dungeon (6/15)             Temple (0/1) D:6

Altars:
Fedhas
Uskayaw
The Shining One

Shops:
D:5 (


Innate Abilities, Weirdness & Mutations

You cannot wear most types of armour.
You are amphibious.
You can wear up to eight rings at the same time.
Your skin changes colour to match your surroundings (Stealth+).
Your rubbery body absorbs attacks. (AC +1, EV +1)
((You are camouflaged when in or above water. (Stealth+)))
You have tentacles for arms and can constrict up to eight enemies at once.


Message History

Your tentacle-slap misses the ice beast.
The ice beast completely misses you.
You tentacle-slap the ice beast but do no damage.
The ice beast closely misses you.
You tentacle-slap the ice beast.
The ice beast is lightly wounded.
The ice beast closely misses you.
You closely miss the ice beast.
The ice beast is lightly wounded.
The ice beast hits you. The ice beast freezes you!
You tentacle-slap the ice beast.
The ice beast is moderately wounded.
The ice beast hits you. The ice beast freezes you!
You closely miss the ice beast.
The ice beast is moderately wounded.
The ice beast misses you.
You tentacle-slap the ice beast.
You tentacle-slap the ice beast, but do no damage.
Your squeeze misses the ice beast.
The ice beast is moderately wounded.
The ice beast barely misses you.
You tentacle-slap the ice beast but do no damage.
The ice beast is moderately wounded.
You closely miss the ice beast.
The ice beast is moderately wounded.
The ice beast hits you. The ice beast freezes you!
You are too injured to fight recklessly!
You closely miss the ice beast.
The ice beast is moderately wounded.
The ice beast hits you. The ice beast freezes you!
* * * LOW HITPOINT WARNING * * *
Activating: Foxfire Swarm
Press: ? - help, Dir - look around, f - activate Flames leap up around you!
You can no longer armour yourself in flame.
You can no longer call a swarm of foxfires against your foes.
The ice beast hits you.
* * * LOW HITPOINT WARNING * * *
The ice beast freezes you!
You die...

...... #.⌠.⌠.#.......#
...... +..>..+.####..#
..#########.⌠.⌠.#....#
##
..#.......#.....#....#
..'....[..###'###....#
..#..................#
..#........).#vvvvv..#
..#........[.#vvYvv..#
..#...####..##vv@vv..#
###...####..#.vvvvv..#
#......#....#.vvvvv..#
#......'....#........#
#......#....#........#
#......#....#........#
###+#..#..#...)......#
#.....################
#.....#


You could see an ice beast (ally target).

Vanquished Creatures
  Grinder (D:5)
  A yak (D:4)
  Menkaure (D:5)
  A water moccasin (D:6)
  2 ogres (D:5)
  3 phantoms
  Blork the orc (D:4)
  2 scorpions
  A wyvern zombie (D:6)
  A water moccasin zombie (D:4)
  A centaur zombie (D:6)
  A jelly (D:6)
  A bullfrog skeleton (D:5)
  2 iguanas
  A mummy (D:4)
  5 adders
  2 white imps
  A worm (D:4)
  2 dart slugs
  9 orcs
  7 endoplasms
  3 giant cockroaches
  3 goblins
  A hobgoblin (D:3)
  2 kobolds (D:3)
  A quokka (D:2)
  3 ball pythons (D:3)
  A bat (D:1)
  2 kobold zombies (D:4)
  2 orc zombies (D:4)
  3 rats
67 creatures vanquished.

Vanquished Creatures (others)
  131 foxfires
131 creatures vanquished.

Grand Total: 198 creatures vanquished

Notes
Turn   | Place    | Note
-------+----------+-------------------------------------------
     0 | D:1      | comborobin the Octopode Cinder Acolyte began the quest for
                  | the Orb.
     0 | D:1      | Reached XP level 1. HP: 16/16 MP: 2/2
    85 | D:2      | Reached skill level 1 in Dodging
    85 | D:2      | Reached XP level 2. HP: 18/21 MP: 3/3
   240 | D:2      | Reached skill level 2 in Dodging
   430 | D:3      | Found a glowing golden altar of the Shining One.
   647 | D:3      | Reached XP level 3. HP: 13/26 MP: 4/4
   984 | D:3      | Reached skill level 3 in Dodging
  1146 | D:3      | Found a faded altar of an unknown god.
  1369 | D:4      | Noticed Blork the orc
  1373 | D:4      | Killed Blork the orc
  1374 | D:4      | Reached skill level 4 in Dodging
  1374 | D:4      | Reached XP level 4. HP: 31/31 MP: 5/5
  1374 | D:4      | Reached XP level 5. HP: 36/36 MP: 6/6
  1405 | D:4      | Reached skill level 5 in Dodging
  1783 | D:4      | Found a blossoming altar of Fedhas.
  1932 | D:4      | Reached skill level 6 in Dodging
  1932 | D:4      | Reached XP level 6. HP: 27/42 MP: 7/7
  2673 | D:5      | Entered Level 5 of the Dungeon
  2759 | D:5      | Noticed a yak
  2760 | D:5      | Noticed a yak
  2760 | D:5      | Noticed a yak
  2761 | D:5      | Noticed a yak
  2762 | D:5      | Noticed a yak
  2789 | D:4      | Killed a yak
  2790 | D:4      | Reached XP level 7. HP: 34/47 MP: 8/8
  3151 | D:5      | Found Gekkest's Antique Weapon Shoppe.
  3155 | D:5      | Learned a level 2 spell: Poisonous Vapours
  3157 | D:5      | Learned a level 1 spell: Sting
  3219 | D:5      | Noticed Menkaure
  3255 | D:5      | Killed Menkaure
  3256 | D:5      | Reached skill level 1 in Poison Magic
  3573 | D:5      | Reached XP level 8. HP: 47/54 MP: 9/9
  3611 | D:5      | Noticed Grinder
  3615 | D:5      | Paralysed by Grinder for 7 turns
  4102 | D:5      | Reached skill level 7 in Dodging
  4241 | D:5      | Paralysed by Grinder for 5 turns
  4248 | D:5      | Killed Grinder
  4249 | D:5      | Reached skill level 5 in Fighting
  4249 | D:5      | Reached skill level 5 in Unarmed Combat
  4802 | D:6      | Found a hide-covered altar of Uskayaw.
  5533 | D:6      | Found a staircase to the Ecumenical Temple.
  5571 | D:6      | Slain by an ice beast

Illustrated notes

Levels and vault maps discovered:
D:1:      dpeg_arrival_round_c, layout_basic
D:2:      layout_loops_cross, minmay_heptomino_l4
D:3:      layout_loops_ring, tso_metal_star,
          hellmonk_ecumenical_altar_inner_sanctum,
          hangedman_abyss_or_decor_lesser_grid, dk_noncrumbling_3,
          kennysheep_generic_room_4
D:4:      layout_basic, fedhas_altar_fruit_tree, minmay_mini_ossuary,
          uniq_blork_the_orc
D:5:      layout_loops_corners, serial_shops, nicolae_shop_window_shopping,
          minmay_misc_feat_square, uniq_grinder, uniq_menkaure
D:6:      layout_gridville, mainiacjoe_overflow_brackets,
          minmay_temple_entry_hall, nicolae_elevator_lobby_asterisk

Skill      XL: |  1  2  3  4  5  6  7  8 |
---------------+-------------------------+-----
Dodging        | 1 2 4 6 7 |  7.5
Fighting       | 4 5 |  5.4
Unarmed Combat | 4 5 |  5.4
Poison Magic   | 1 4 |  4.1
Spellcasting   | |  1.0
Fire Magic     | |  3.0

Action                   |  1- 3 |  4- 6 |  7- 9 || total
-------------------------+-------+-------+-------++-------
Melee: Unarmed           |    39 |    51 |    84 ||   174
       Constrict         |    13 |    13 |     9 ||    35
       Tentacles         |     9 |    16 |    25 ||    50
       Punch             |     1 |     1 |     4 ||     6
 Cast: Poisonous Vapours |       |       |     7 ||     7
       Sting             |       |       |     2 ||     2
Invok: Foxfire Swarm     |     1 |     4 |     3 ||     8
       Rising Flame      |       |       |     1 ||     1
  Use: Potion            |       |       |     6 ||     6
       Scroll            |       |       |     3 ||     3
 Stab: Sleeping          |     3 |     6 |     4 ||    13
       Distracted        |       |       |     1 ||     1
Armor: Skin              |     3 |     1 |     3 ||     7
Dodge: Dodged            |    23 |    31 |    70 ||   124

Table legend: (Time is in decaauts)
 A = Elapsed time spent in this place.
 B = Non-inter-level travel time spent in this place.
 C = Inter-level travel time spent in this place.
 D = Time resting spent in this place.
 E = Time spent auto-exploring this place.
 F = Levels seen in this place.
 G = Mean time per level.
                   A        B        C        D        E       F      G
               +--------+--------+--------+--------+--------+-----+--------+
         Total |   5561 |   5351 |    210 |   1491 |   2972 |   6 |  926.8 |
       Dungeon |   5561 |   5351 |    210 |   1491 |   2972 |   6 |  926.8 |
               +--------+--------+--------+--------+--------+-----+--------+

Top non-repeatable levels by time:
     D:5: 1873 daAuts
     D:4: 1629 daAuts
     D:3: 1198 daAuts
     D:6: 611 daAuts
     D:2: 186 daAuts
     D:1: 62 daAuts
